 Dungeon Crawl Stone Soup version 0.27-a0-323-gbd089401bb (webtiles) character file.

Game seed: 7448908121138422825

522 inqbanana the Gusty (level 7, -5/56 HPs)
             Began as a Gnoll Wanderer on Feb 11, 2021.
             Was a Follower of Makhleb.
             Slain by an ogre
             ... wielding a +0 giant club
              (23 damage)
             ... on level 4 of the Dungeon.
             The game lasted 00:06:58 (4017 turns).

inqbanana the Gusty (Gnoll Wanderer)                Turns: 4017, Time: 00:06:58

Health: -5/56      AC:  8    Str: 10    XL:     7   Next: 22%
Magic:  12/12      EV:  5    Int: 12    God:    Makhleb [*.....]
Gold:   151        SH:  0    Dex: 14    Spells: 12/13 levels left

rFire    . . .     SeeInvis .   a - +3 quarterstaff
rCold    . . .     Faith    .   (shield currently unavailable)
rNeg     . . .     Spirit   .   e - +0 chain mail
rPois    .         Reflect  .   (no helmet)
rElec    .         Harm     .   (no cloak)
rCorr    .         Rampage  .   (no gloves)
Will     .....     Clarity  +   (no boots)
Stlth    ..........             (no amulet)
HPRegen  0.18/turn              (no ring)
MPRegen  0.13/turn              (no ring)

@: no status effects
A: distributed training, fangs 1, clarity, mutation resistance 1, strong nose
a: Renounce Religion


You were on level 4 of the Dungeon.
You worshipped Makhleb.
Makhleb was aware of your devotion.
You visited 1 branch of the dungeon, and saw 4 of its levels.

You collected 151 gold pieces.

Inventory:

Hand Weapons
 a - a +3 quarterstaff (weapon)
Missiles
 c - 19 poisoned darts (quivered)
Armour
 e - a +0 chain mail (worn)
Wands
 d - a wand of paralysis (6)
Scrolls
 b - 2 scrolls of teleportation
 g - 2 scrolls of identify
 k - a scroll of fog
 l - a scroll of fear
 m - a scroll of amnesia
Potions
 f - a potion of curing
 h - a potion of haste
 i - 3 potions of flight
 j - 2 potions of heal wounds


   Skills:
 + Level 5.2 Fighting
 + Level 2.3 Short Blades
 + Level 2.3 Long Blades
 + Level 2.3 Axes
 + Level 2.3 Maces & Flails
 + Level 2.3 Polearms
 + Level 3.5 Staves
 + Level 2.3 Slings
 + Level 2.3 Bows
 + Level 2.3 Crossbows
 + Level 2.3 Throwing
 + Level 2.3 Armour
 + Level 2.3 Dodging
 + Level 3.3 Stealth
 + Level 2.3 Shields
 + Level 2.3 Unarmed Combat
 + Level 3.7 Spellcasting
 + Level 1.9 Conjurations
 + Level 1.9 Hexes
 + Level 1.9 Summonings
 + Level 1.9 Necromancy
 + Level 1.9 Translocations
 + Level 1.9 Transmutations
 + Level 1.9 Fire Magic
 + Level 2.9 Ice Magic
 + Level 5.8 Air Magic
 + Level 1.9 Earth Magic
 + Level 1.9 Poison Magic
 + Level 2.6 Invocations
 + Level 3.5 Evocations


You had 12 spell levels left.
You knew the following spells:

 Your Spells              Type           Power        Failure   Level
a - Shock                 Conj/Air       44%          97%         1

Your spell library contained the following spells:

 Spells                   Type           Power        Failure   Level
 Static Discharge         Conj/Air       11%          100%        3


Dungeon Overview and Level Annotations

Branches:
Dungeon (4/15)
 Temple: D:4-7

Altars:
Cheibriados
Elyvilon
Gozag
Makhleb
Okawaru
Sif Muna
Trog
Xom


Innate Abilities, Weirdness & Mutations

Your experience applies equally to all skills.
You have very sharp teeth.
Your uncanny sense of smell can sniff out nearby items.
You possess an exceptional clarity of mind.
You are somewhat resistant to further mutation.


Message History

A jackal is nearby!
You closely miss the jackal.
The jackal bites you but does no damage.
You hit the jackal. You bite the jackal.
The jackal is moderately wounded.
The jackal bites you. The jackal barely misses you.
You hit the jackal but do no damage.
The jackal is moderately wounded.
The jackal bites you but does no damage.
You hit the jackal.
You kill the jackal!
Makhleb accepts your kill.
No target in view!
No target in view!
No target in view!
No target in view!
No target in view!
No target in view!
No target in view!
You see here a jackal corpse.
An ogre comes into view. It is wielding a +0 giant club.
An ogre is nearby!
An ogre is nearby!
The ogre hits you with a +0 giant club.
Your chain mail prevents you from hitting the ogre.
Your bite misses the ogre. The ogre hits you with a +0 giant club!
You hit the ogre.
The ogre is lightly wounded.
The ogre hits you with a +0 giant club!!
You are too injured to fight recklessly!
You are too injured to fight recklessly!
You are too injured to fight recklessly!
You are too injured to fight recklessly!
You hit the ogre. You bite the ogre, but do no damage.
The ogre is moderately wounded.
The ogre barely misses you.
You hit the ogre.
The ogre is moderately wounded.
The ogre hits you with a +0 giant club!!
You die...

∆ .........# ##.#.##
##############.# #.#.#
..........####.# #.#.#
###.....#......#############.#.##
##.#....#...................(....
>.###.####.....#.####.######.####
...#....#.†.#.##.####.# #)#
).......#.....##......# #.#
...........##.##@###### #.#
#.....##...##.##O# ######.####
##....###......... ...........
###.#.# #.###.##..# ###..#.####
###.#.# #.# ##..# # #.#
......###.###.##..# #^
..............##..# #.
##................. #.
##.#############. ..


You could see an ogre.

Vanquished Creatures
  The ghost of lessens the Cudgeller, an amateur TeAr of Makhleb (D:3)
  2 orc priests
  A hound (D:4)
  An iguana (D:4)
  2 orc wizards
  A worker ant (D:4)
  Terence (D:3)
  4 gnolls (D:4)
  4 adders
  2 oozes
  4 worms
  6 dart slugs
  5 leopard geckos
  14 orcs
  3 giant cockroaches
  5 hobgoblins
  2 jackals (D:4)
  A quokka (D:3)
  2 ball pythons
  3 bats
  9 frilled lizards
  8 goblins
  A jackal skeleton (D:4)
  14 kobolds
  8 rats
104 creatures vanquished.

Vanquished Creatures (others)
  8 plants (D:4)
8 creatures vanquished.

Grand Total: 112 creatures vanquished

Notes
Turn   | Place    | Note
-------+----------+-------------------------------------------
     0 | D:1      | inqbanana the Gnoll Wanderer began the quest for the Orb.
     0 | D:1      | inqbanana set off with the following items: a +2
                  | quarterstaff, a scroll of teleportation, a +0 robe; and the
                  | following spell memorised: Shock; and the following spells
                  | available to memorise: Static Discharge
     0 | D:1      | Reached XP level 1. HP: 20/20 MP: 4/4
   320 | D:1      | Reached XP level 2. HP: 26/26 MP: 5/5
   706 | D:1      | Reached XP level 3. HP: 28/31 MP: 7/7
  1074 | D:2      | Reached skill level 1 in Invocations
  1622 | D:2      | Reached skill level 1 in Short Blades
  1622 | D:2      | Reached skill level 1 in Long Blades
  1622 | D:2      | Reached skill level 1 in Axes
  1622 | D:2      | Reached skill level 1 in Maces & Flails
  1622 | D:2      | Reached skill level 1 in Polearms
  1622 | D:2      | Reached skill level 1 in Slings
  1622 | D:2      | Reached skill level 1 in Bows
  1622 | D:2      | Reached skill level 1 in Crossbows
  1622 | D:2      | Reached skill level 1 in Throwing
  1622 | D:2      | Reached skill level 1 in Armour
  1622 | D:2      | Reached skill level 1 in Dodging
  1622 | D:2      | Reached skill level 1 in Shields
  1622 | D:2      | Reached skill level 1 in Unarmed Combat
  1632 | D:2      | Found an iron altar of Okawaru.
  1635 | D:2      | Reached XP level 4. HP: 38/38 MP: 8/8
  2090 | D:3      | Reached skill level 1 in Conjurations
  2090 | D:3      | Reached skill level 1 in Hexes
  2090 | D:3      | Reached skill level 1 in Summonings
  2090 | D:3      | Reached skill level 1 in Necromancy
  2090 | D:3      | Reached skill level 1 in Translocations
  2090 | D:3      | Reached skill level 1 in Transmutations
  2090 | D:3      | Reached skill level 1 in Fire Magic
  2090 | D:3      | Reached skill level 1 in Earth Magic
  2090 | D:3      | Reached skill level 1 in Poison Magic
  2197 | D:3      | Reached XP level 5. HP: 24/43 MP: 9/9
  2398 | D:3      | Found an iron altar of Okawaru.
  2506 | D:3      | Found a white marble altar of Elyvilon.
  2509 | D:3      | Found an opulent altar of Gozag.
  2509 | D:3      | Found a burning altar of Makhleb.
  2509 | D:3      | Found a bloodstained altar of Trog.
  2521 | D:3      | Found a snail-covered altar of Cheibriados.
  2521 | D:3      | Found a shimmering altar of Xom.
  2521 | D:3      | Noticed Terence
  2539 | D:3      | Killed Terence
  2550 | D:3      | Became a worshipper of Makhleb the Destroyer
  2584 | D:3      | Found a large runed translucent door.
  2584 | D:3      | Found a large runed translucent door.
  2585 | D:3      | Noticed lessens's ghost (amateur TeAr)
  2648 | D:3      | Gained mutation: Your spells are a little easier to cast,
                  | but a little less powerful. [potion of mutation]
  2648 | D:3      | Gained mutation: You are somewhat resistant to further
                  | mutation. [potion of mutation]
  2649 | D:3      | Lost mutation: Your spells are a little easier to cast, but
                  | a little less powerful. [potion of mutation]
  2649 | D:3      | Lost mutation: You are somewhat resistant to further
                  | mutation. [potion of mutation]
  2649 | D:3      | Gained mutation: You possess an exceptional clarity of
                  | mind. [potion of mutation]
  2649 | D:3      | Gained mutation: You are somewhat resistant to further
                  | mutation. [potion of mutation]
  2744 | D:3      | Found a shimmering blue altar of Sif Muna.
  2943 | D:3      | Killed lessens's ghost
  2944 | D:3      | Reached skill level 5 in Fighting
  2944 | D:3      | Reached XP level 6. HP: 47/51 MP: 8/11
  3147 | D:4      | Reached * piety under Makhleb
  3618 | D:4      | Reached XP level 7. HP: 47/56 MP: 12/12
  4017 | D:4      | Slain by an ogre

Illustrated notes

Levels and vault maps discovered:
D:1:      elethiomel_arrival_shortcut, layout_loops_ring
D:2:      layout_basic, st_stairs_6, okawaru_metal_pillars_1_2
D:3:      layout_basic, nicolae_overflow_crystal_walls, lemuel_crystal_altar,
          minmay_overflow_temple_hex, ebering_ghost_disaster_area, uniq_terence
D:4:      layout_loops_ring, minmay_lizard_king

Skill      XL: |  1  2  3  4  5 |
---------------+----------------+-----
Ice Magic      | 2 |  2.9
Invocations    | 1 2 |  2.6
Short Blades   | 1 2 |  2.3
Long Blades    | 1 2 |  2.3
Axes           | 1 2 |  2.3
Maces & Flails | 1 2 |  2.3
Polearms       | 1 2 |  2.3
Slings         | 1 2 |  2.3
Bows           | 1 2 |  2.3
Crossbows      | 1 2 |  2.3
Throwing       | 1 2 |  2.3
Armour         | 1 2 |  2.3
Dodging        | 1 2 |  2.3
Shields        | 1 2 |  2.3
Unarmed Combat | 1 2 |  2.3
Spellcasting   | 3 |  3.7
Conjurations   | 1 |  1.9
Hexes          | 1 |  1.9
Summonings     | 1 |  1.9
Necromancy     | 1 |  1.9
Translocations | 1 |  1.9
Transmutations | 1 |  1.9
Fire Magic     | 1 |  1.9
Earth Magic    | 1 |  1.9
Poison Magic   | 1 |  1.9
Staves         | 3 |  3.5
Evocations     | 3 |  3.5
Fighting       | 5 |  5.2
Stealth        | 3 |  3.3
Air Magic      | |  5.8

Action                   |  1- 3 |  4- 6 |  7- 9 || total
-------------------------+-------+-------+-------++-------
Melee: Quarterstaff      |    73 |   177 |    33 ||   283
       Bite              |     6 |    16 |     3 ||    25
Throw: Dart              |       |     5 |       ||     5
  Use: Potion            |     6 |     4 |       ||    10
       Scroll            |     5 |     2 |       ||     7
 Stab: Sleeping          |     2 |       |       ||     2
Armor: Robe              |     5 |       |       ||     5
       Chain mail        |     3 |   107 |    22 ||   132
Dodge: Dodged            |    35 |    37 |    12 ||    84

Table legend: (Time is in decaauts)
 A = Elapsed time spent in this place.
 B = Non-inter-level travel time spent in this place.
 C = Inter-level travel time spent in this place.
 D = Time resting spent in this place.
 E = Time spent auto-exploring this place.
 F = Levels seen in this place.
 G = Mean time per level.
                   A        B        C        D        E       F      G
               +--------+--------+--------+--------+--------+-----+--------+
         Total |   4026 |   3984 |     42 |    477 |   2637 |   4 | 1006.5 |
       Dungeon |   4026 |   3984 |     42 |    477 |   2637 |   4 | 1006.5 |
               +--------+--------+--------+--------+--------+-----+--------+

Top non-repeatable levels by time:
     D:3: 1217 daAuts
     D:1: 1041 daAuts
     D:4: 996 daAuts
     D:2: 771 daAuts
